Map: Catalyst LE

Players

Namshar

  • Race: Zerg Zerg
  • League: Master
  • Spawn Location: 11:00

ShoWTimE - Winner!

  • Race: Protoss Protoss
  • League: Grandmaster
  • Spawn Location: 5:00

Event: WESG Barcelona European Finals 2017

VOD

Have the link to the VOD?

Description

Time

  • Played on: Nov. 25, 2017, 10:16 a.m.
  • Length: 10:25

All games in this series

Show
View Real Time Build Order
Export as new Build Order

Namshar Zerg 

Build Orders: Hatch First, Lurkers 

Get SALT Encoding   

  12  0:00  Drone  
  13  0:12  Overlord  
  13  0:17  Drone  
  14  0:30  Drone x2  
  16  0:49  Hatchery  
  15  0:51  Drone  
  15  0:55  Drone  
  17  0:58  Drone  
  18  1:09  Extractor  
  17  1:14  Spawning Pool  
  17  1:18  Drone  
  17  1:21  Drone  
  18  1:27  Drone  
  19  1:38  Overlord  
  19  1:50  Drone  
  20  2:00  Queen  
  22  2:01  Zergling x4  
  22  2:02  Queen  
  26  2:10  Metabolic Boost  
  26  2:13  Drone  
  27  2:16  Drone  
  27  2:21  Drone  
  27  2:22  Drone  
  30  2:36  Drone x2  
  32  2:42  Hatchery  
  31  2:46  Drone  
  31  2:49  Overlord  
  32  2:53  Drone  
  32  2:55  Drone  
  34  3:06  Drone x2  
  34  3:12  Queen  
  38  3:13  Drone  
  38  3:14  Drone x2  
  38  3:16  Overlord  
  41  3:20  Drone  
  41  3:21  Zergling x2  
  41  3:22  Drone  
  44  3:27  Spore Crawler  
  44  3:29  Spore Crawler, Drone  
  44  3:31  Drone  
  44  3:40  Drone x2  
  44  3:41  Overlord  
  46  3:47  Zergling x2  
  48  3:48  Drone x4  
  48  3:49  Drone  
  52  3:56  Spore Crawler  
  52  3:59  Lair  
  52  4:00  Evolution Chamber  
  52  4:02  Drone x2  
  51  4:06  Queen  
  53  4:11  Overlord  
  53  4:14  Drone  
  53  4:16  Drone x3  
  57  4:20  Overlord  
  57  4:22  Overlord  
  57  4:24  Drone  
  58  4:29  Overlord  
  58  4:32  Extractor  
  58  4:34  Zerg Missile Weapons Level 1  
  58  4:35  Extractor, Drone  
  58  4:37  Overlord  
  57  4:40  Drone x4  
  60  4:52  Zergling x18  
  69  4:53  Zergling x2  
  69  4:59  Roach Warren  
  69  5:06  Drone  
  65  5:10  Drone x2  
  67  5:15  Hydralisk Den  
  66  5:22  Drone  
  66  5:23  Drone x5  
  66  5:24  Drone  
  73  5:31  Overlord  
  73  5:35  Extractor  
  72  5:38  Drone x6  
  72  5:41  Extractor  
  72  5:42  Extractor  
  69  6:02  Drone x3  
  71  6:07  Drone x8  
  71  6:10  Muscular Augments, Glial Reconstitution  
  79  6:13  Lurker Den  
  79  6:14  Queen  
  81  6:18  Drone x2  
  81  6:20  Hatchery  
  81  6:24  Overlord  
  81  6:25  Overlord  
  81  6:28  Zerg Missile Weapons Level 2  
  81  6:31  Overlord  
  81  6:34  Overlord  
  81  6:39  Hydralisk  
  81  6:40  Hydralisk x3  
  81  6:46  Overlord x2  
  89  6:48  Hydralisk x2  
  93  6:59  Drone x2  
  93  7:00  Drone  
  93  7:02  Hydralisk x4  
  93  7:06  Drone  
  101  7:13  Hydralisk x4  
  108  7:18  Overlord  
  108  7:26  Hydralisk  
  108  7:27  Hydralisk x4  
  118  7:34  Drone  
  118  7:36  Queen, Infestation Pit  
  120  7:47  Lurker x3  
  120  7:49  Overlord x2  
  120  7:50  Zergling x10  
  128  7:56  Lurker  
  128  7:58  Lurker  
  129  8:09  Lurker  
  128  8:14  Lurker  
  128  8:16  Hydralisk  
  128  8:17  Zergling x14  
  128  8:19  Zergling x2  
  138  8:20  Zergling x10  
  125  8:37  Hydralisk x3  
  125  8:38  Zergling x2  
  129  8:43  Hydralisk  
  129  8:44  Zergling x6  
  134  8:53  Hive  
  134  8:56  Hydralisk  
  134  8:57  Zergling x6  
  134  9:02  Hydralisk x2  
  135  9:03  Hydralisk, Zergling x2  
  135  9:08  Spire, Hydralisk  
  135  9:09  Zergling x6  
  126  9:10  Zergling x2  
  126  9:12  Hydralisk x3  
  126  9:17  Drone x8  
  134  9:25  Lurker x2  
  134  9:27  Drone x3  
  134  9:28  Drone  
  140  9:32  Hatchery  
  140  9:33  Extractor  
  140  9:34  Drone  
  140  9:35  Extractor, Evolution Chamber  
  136  9:38  Drone  
  136  9:40  Hydralisk, Baneling Nest  
  136  9:41  Hydralisk  
  136  9:42  Zergling x4  
  142  9:49  Overseer, Lurker  
  143  9:58  Hydralisk x2  
Show
View Real Time Build Order
Export as new Build Order

ShoWTimE Protoss - Winner!

Build Orders: 1 Gate Expand, Oracle Opening, Phoenix Opening 

Get SALT Encoding   

  12  0:00  Probe  
  13  0:12  Probe  
  14  0:18  Pylon  
  14  0:24  Probe  
  15  0:37  Probe (Chrono Boost)  
  15  0:38  Assimilator  
  16  0:46  Probe (Chrono Boost)  
  16  0:49  Gateway  
  17  0:52  Probe  
  18  1:04  Probe (Chrono Boost)  
  20  1:14  Probe (Chrono Boost)  
  20  1:26  Nexus  
  20  1:37  Cybernetics Core  
  20  1:38  Probe  
  21  1:45  Assimilator  
  21  1:51  Probe  
  22  1:55  Pylon  
  22  2:03  Probe  
  23  2:13  Adept (Chrono Boost)  
  23  2:15  Probe  
  26  2:20  Stargate  
  26  2:27  Probe  
  26  2:28  Warp Gate  
  27  2:33  Adept  
  29  2:39  Probe (Chrono Boost)  
  31  2:49  Probe (Chrono Boost)  
  31  2:50  Probe (Chrono Boost)  
  32  2:51  Probe  
  32  2:53  Probe  
  34  3:03  Adept, Probe  
  34  3:04  Oracle (Chrono Boost)  
  41  3:05  Probe  
  41  3:11  Pylon  
  41  3:15  Probe  
  41  3:17  Probe  
  43  3:27  Probe  
  43  3:29  Probe  
  43  3:30  Phoenix (Chrono Boost)  
  43  3:32  Gateway  
  47  3:39  Gateway, Probe  
  48  3:42  Probe  
  48  3:45  Pylon  
  49  3:52  Oracle (Chrono Boost), Probe  
  49  3:54  Probe  
  54  4:01  Assimilator  
  54  4:04  Assimilator, Probe  
  54  4:05  Pylon  
  54  4:07  Probe  
  56  4:13  Robotics Facility  
  56  4:16  Probe  
  57  4:19  Probe  
  58  4:29  Probe  
  58  4:30  Shield Battery  
  59  4:31  Probe  
  59  4:35  Pylon  
  59  4:38  Sentry  
  62  4:40  Sentry  
  62  4:41  Probe  
  62  4:43  Probe  
  66  4:52  Nexus  
  66  4:53  Pylon, Probe  
  66  4:55  Probe  
  68  5:01  Warp Prism  
  68  5:05  Probe  
  71  5:09  Probe  
  71  5:11  Pylon  
  71  5:14  Sentry, Shield Battery  
  74  5:16  Twilight Council  
  74  5:17  Probe  
  74  5:21  Probe  
  76  5:24  Forge  
  76  5:32  Probe  
  76  5:33  Probe  
  78  5:38  Observer  
  78  5:40  Gateway x2  
  79  5:44  Probe  
  79  5:45  Probe  
  79  5:46  Zealot x2  
  85  5:51  Protoss Ground Weapons Level 1 (Chrono Boost)  
  85  5:53  Adept  
  85  5:56  Blink (Chrono Boost), Probe  
  82  6:08  Probe  
  82  6:09  Immortal (Chrono Boost)  
  86  6:13  Robotics Bay  
  86  6:18  Stalker  
  86  6:19  Sentry  
  86  6:22  Probe x2  
  86  6:23  Probe  
  93  6:32  Photon Cannon  
  93  6:34  Assimilator, Probe  
  93  6:35  Probe x2  
  93  6:38  Assimilator  
  96  6:40  Robotics Facility  
  96  6:46  Probe  
  96  6:47  Probe  
  98  6:48  Adept x2  
  98  6:51  Gateway  
  102  6:56  Gateway  
  102  7:08  Disruptor (Chrono Boost)  
  105  7:11  Shield Battery  
  105  7:15  Shield Battery  
  105  7:17  Shield Battery  
  105  7:18  Probe, Pylon  
  106  7:27  Pylon  
  106  7:29  Pylon  
  106  7:30  Disruptor (Chrono Boost)  
  106  7:31  Gateway  
  109  7:40  Stalker x2  
  109  7:41  Disruptor (Chrono Boost)  
  116  7:45  Shield Battery  
  116  7:47  Pylon  
  116  7:48  Protoss Ground Weapons Level 2 (Chrono Boost)  
  116  7:49  Charge  
  116  7:50  Stalker x2  
  116  7:51  Stalker  
  122  7:55  Disruptor  
  125  8:03  Photon Cannon  
  125  8:04  Pylon  
  125  8:08  Stalker x3  
  131  8:13  Disruptor  
  134  8:24  Nexus  
  128  8:29  Stalker x3  
  128  8:31  Disruptor  
  129  8:48  Disruptor  
  129  8:52  Stalker x3  
  138  9:07  Disruptor  
  141  9:13  Pylon  
  141  9:14  Probe x2  
  141  9:15  Pylon  
  143  9:18  Forge  
  143  9:20  Pylon  
  143  9:21  Pylon  
  143  9:24  Zealot x3, Pylon x2  
  149  9:31  Photon Cannon, Disruptor  
  149  9:32  Pylon  
  149  9:37  Zealot x5  
  162  9:42  Templar Archives  
  162  9:47  Photon Cannon  
  162  9:49  Shield Battery  
  162  9:51  Shield Battery  
  162  9:53  Shield Battery  
  166  10:00  Zealot x3  
  166  10:04  Probe x3  
  161  10:22  Zealot x7  
Tags
 
Add a new tag
Caveats
  • Supply blocks, unpowered buildings, or Contaminate may cause inaccurate times.
  • Supply counts are checked every 10 seconds.